 Dungeon Crawl Stone Soup version 0.30-a0-297-g0ec75d9ef4 (webtiles) character file.

Game seed: 9951272462213719368

89322 themarg the Missionary (level 15, -12/152 HPs)
             Began as a Hill Orc Monk on Oct 18, 2022.
             Was a Priest of Beogh.
             Mangled by Donald
             ... wielding a +0 double sword
              (27 damage)
             ... on level 1 of the Snake Pit on Oct 19, 2022.
             The game lasted 02:35:43 (32102 turns).

themarg the Missionary (Hill Orc Monk)             Turns: 32102, Time: 02:35:43

Health: -12/152    AC: 24    Str: 24      XL:     15   Next: 96%
Magic:  28/28      EV:  9    Int:  5 (8)  God:    Beogh [***...]
Gold:   1912       SH: 11    Dex: 21      Spells: 14/14 levels left

rFire   + . .      SeeInvis .    N - +3 demon trident (flame)
rCold   . . .      Faith    +    U - +0 kite shield
rNeg    . . .      Spirit   .    I - +7 chain mail of Responsibility {Str+4 Int-2}
rPois   .          Reflect  .    s - +0 helmet
rElec   .          Harm     .    R - +1 cloak {Stlth+}
rCorr   .          Rampage  .    c - +0 pair of gloves
Will    +....                    e - +2 pair of boots
Stlth   ..........               O - amulet of faith
HPRegen 0.45/turn                G - ring of protection from fire
MPRegen 0.21/turn                V - +6 ring of dexterity

@: slowed, very slow
A: no striking features
a: Renounce Religion, Smiting


You were on level 1 of the Snake Pit.
You worshipped Beogh.
Beogh was most pleased with you.
You visited 4 branches of the dungeon, and saw 23 of its levels.
You also visited: Sewer, Bailey and Ice Cave.

You collected 3161 gold pieces.
You spent 1249 gold pieces at shops.

Inventory:

Hand Weapons
 N - a +3 demon trident of flaming (weapon)
Missiles
 m - 18 boomerangs (quivered)
 w - 5 curare-tipped darts
 H - 2 atropa-tipped darts
Armour
 c - a +0 pair of gloves (worn)
 e - a +2 pair of boots (worn)
 s - a +0 helmet (worn)
 I - the +7 chain mail of Responsibility (worn) {Str+4 Int-2}
   (You found it in a bailey)

   Str:       It affects your strength (+4).
   Int:       It affects your intelligence (-2).
 R - a +1 cloak of stealth (worn)
 U - a +0 kite shield (worn)
Jewellery
 y - a ring of protection from cold
 G - a ring of protection from fire (left hand)
 O - an amulet of faith (around neck)
 P - a ring of poison resistance
 V - a +6 ring of dexterity (right hand)
Wands
 h - a wand of quicksilver (4)
 p - a wand of digging (2)
 C - a wand of mindburst (15)
 Q - a wand of polymorph (6)
 T - a wand of iceblast (20)
Scrolls
 b - 13 scrolls of teleportation
 d - a scroll of brand weapon
 i - 2 scrolls of enchant armour
 j - 5 scrolls of amnesia
 l - 6 scrolls of poison
 o - 4 scrolls of fear
 r - 2 scrolls of summoning
 u - a scroll of silence
 v - 7 scrolls of enchant weapon
 E - 3 scrolls of vulnerability
 K - 3 scrolls of magic mapping
 L - 4 scrolls of identify
 W - a scroll of torment
 X - 3 scrolls of blinking
 Z - 2 scrolls of fog
Potions
 a - 3 potions of attraction
 f - 8 potions of lignification
 g - a potion of mutation
 k - 5 potions of cancellation
 n - 8 potions of flight
 t - 8 potions of magic
 x - a potion of resistance
 z - 5 potions of curing
 A - 6 potions of brilliance
 B - 4 potions of invisibility
 D - 5 potions of might
 F - 2 potions of berserk rage
 M - a potion of ambrosia
 S - 4 potions of heal wounds
 Y - a potion of haste
Miscellaneous
 q - a lightning rod (4/4)
 J - a phial of floods (inert)


   Skills:
 + Level 19.2 Fighting
 - Level 4.0(11.3) Axes
 - Level 13.8(14.0) Polearms
 - Level 5.0 Armour
 - Level 5.0 Dodging
 - Level 2.0 Stealth
 - Level 5.0 Shields
 + Level 19.6 Invocations
 + Level 8.2 Evocations


You had 14 spell levels left.
You didn't know any spells.
Your spell library contained the following spells:

 Spells                   Type           Power      Damage    Failure   Level
 Foxfire                  Conj/Fire      0%         2x1d4     100%        1
 Freeze                   Ice            0%         1d3       100%        1
 Magic Dart               Conj           0%         1d3       100%        1
 Sting                    Tmut/Pois      0%         1d3       100%        1
 Call Imp                 Summ           0%         N/A       100%        2
 Poisonous Vapours        Pois/Air       0%         N/A       100%        2
 Frozen Ramparts          Ice            0%         1d1       100%        3
 Hailstorm                Conj/Ice       0%         3d3       100%        3
 Mephitic Cloud           Conj/Pois/Air  0%         N/A       100%        3
 Stone Arrow              Conj/Erth      0%         3d7       100%        3
 Tukima's Dance           Hex            0%         N/A       100%        3
 Animate Armour           Summ/Erth      0%         N/A       100%        4
 Ice Form                 Ice/Tmut       0%         N/A       100%        4
 Olgreb's Toxic Radiance  Pois           0%         N/A       100%        4
 Passage of Golubria      Tloc           0%         N/A       100%        4
 Summon Ice Beast         Ice/Summ       0%         N/A       100%        4
 Summon Lightning Spire   Summ/Air       0%         N/A       100%        4
 Blade Hands              Tmut           0%         N/A       100%        5
 Fireball                 Conj/Fire      0%         3d3       100%        5
 Irradiate                Conj/Tmut      0%         3d11      100%        5
 Silence                  Hex/Air        0%         N/A       100%        5
 Yara's Violent Unravell  Hex/Tmut       0%         3d3       100%        5
 Starburst                Conj/Fire      0%         6d3       100%        6
 Dragon Form              Tmut           0%         N/A       100%        7
 Storm Form               Tmut/Air       0%         N/A       100%        7
 Lehudib's Crystal Spear  Conj/Erth      0%         10d2      100%        8
 Maxwell's Capacitive Co  Air            0%         ∞         100%        8


Dungeon Overview and Level Annotations

Branches:
Dungeon (15/15)            Temple (0/1) D:6            Lair (5/5) D:10
 Shoals (0/4) Lair:3        Snake (1/4) Lair:2        Slime (0/5) Lair:5
    Orc (2/2) D:10            Elf (0/3) Orc:2        Vaults (0/5) D:13
 Depths (0/4) D:15          Sewer (visited)          Bailey (visited)
  IceCv (visited)

Altars:
Ashenzari
Hepliaklqana
Okawaru
Sif Muna
Wu Jian
The Shining One
Beogh

Shops:
D:2 [   D:3 ?*[(   D:4 =   D:7 [   D:13 *   Orc:2 :*[=(

Annotations:
Lair:5 1 runed translucent door, exclusion: door
Snake:1 Donald


Message History

The human looks as sick as possible!
The black mamba poisons the human!
The black mamba misses the human.
The human misses the black mamba.
The human closely misses the black mamba.
Donald hits you with a +0 double sword!!
The black mamba bites you!
The human barely misses the black mamba.
The black mamba splashes around in the water.
The human hits Donald.
The black mamba bites the human.
The human looks as sick as possible!
The black mamba poisons the human!
A black mamba comes into view.
You block the black mamba's attack.
The human completely misses the black mamba.
The human closely misses the black mamba.
Donald hits you with a +0 double sword!!
* * * LOW HITPOINT WARNING * * *
The black mamba hisses angrily.
As you read the scroll of fear, it crumbles to dust.
You assume a fearsome visage.
The human looks frightened! x3
The human shouts!
The human looks frightened!
The human shouts!
The human looks frightened!
The human shouts!
Donald resists with almost no effort.
The black mamba looks frightened! x2
The guardian serpent looks frightened!
The black mamba looks frightened! x2
You hear a shout!
Donald hits you with a +0 double sword!!
* * * LOW HITPOINT WARNING * * *
You block Donald's attack.
You hear a bellow!
You feel much better.
Donald hits you with a +0 double sword!!
* * * LOW HITPOINT WARNING * * *
A naga comes into view. It is wielding a +0 battleaxe.
Donald says, "What do naga need barding for?"
Donald hits you with a +0 double sword!!
You die... #S .### #(# ... # #.S# ..###S. . #?.# #p.hSS

..
#..##...@h
#.##... ..#
#..~..##..#
#.~@~p.#
#..~~@.$..#
#N###~~....#
# .p##.#.S..
#### .# ###
.# . .


You could see Donald (fast, strong), a guardian serpent (fleeing), 2 black
mambas, 3 humans and a naga.

Vanquished Creatures
  Rupert (D:12)
  Gastronok (D:11)
  Kirke (Snake:1)
  A reaper (IceCv)
  Nessos (Lair:4)
  3 slime creatures (D:12)
  3 ice dragons
  3 catoblepae
  3 hydras
  2 boulder beetles
  2 ogre magi
  Erica (Lair:1)
  9 two-headed ogres
  3 centaur warriors
  4 death yaks (Lair:5)
  An orc high priest (Orc:2)
  A tengu warrior (D:14)
  Sonja (Lair:4)
  Lodul (D:11)
  An obsidian statue (D:11)
  An orange crystal statue (D:15)
  A deep elf zephyrmancer (Bailey)
  An orc knight (Bailey)
  6 ugly things
  5 manticores
  2 orc sorcerers
  3 cyclopes
  3 elephants (Lair:5)
  11 black mambas
  8 cane toads
  A torpor snail (Lair:5)
  2 ice statues (IceCv)
  A kobold demonologist (D:10)
  3 rime drakes
  A freezing wraith (IceCv)
  3 ice devils (IceCv)
  2 unseen horrors (D:10)
  3 anaconda simulacra (IceCv)
  2 efreet
  3 komodo dragons
  3 tengu conjurers
  4 trolls
  Grinder (D:3)
  A polar bear (Lair:5)
  11 blink frogs
  A dream sheep (Lair:5)
  Sigmund (D:4)
  2 shadows (D:10)
  3 wyverns
  3 dire elephant simulacra (IceCv)
  65 yaks
  A wraith (D:12)
  2 vampires (D:9)
  A steam dragon (D:9)
  A basilisk (Lair:5)
  A death yak simulacrum (IceCv)
  2 vampire mosquitoes (D:13)
  2 wargs (Orc:1)
  2 harpy simulacra (IceCv)
  2 hydra simulacra (IceCv)
  3 acid dragons
  13 water moccasins
  A floating eye (D:10)
  21 orc warriors
  3 black bears
  An ice beast (D:5)
  3 sky beasts
  13 wolves
  4 boggarts (D:15)
  12 centaurs
  16 ogres
  A phantom (Sewer)
  2 kobold brigands (Sewer)
  2 gnoll sergeants
  6 scorpions
  11 bullfrogs
  A wight (D:10)
  10 killer bees (D:9)
  4 electric eels (D:6)
  9 howler monkeys
  2 jellies
  A gnoll bouda (D:8)
  10 orc priests
  2 hounds (D:5)
  7 iguanas
  9 orc wizards
  9 hell rats (Lair:2)
  A polar bear simulacrum (IceCv)
  Robin (D:4)
  16 gnolls
  8 adders
  A river rat (D:4)
  2 shadow imps (Sewer)
  3 white imps (D:6)
  10 ufetubi
  An adder zombie (Sewer)
  2 worms
  7 dart slugs
  33 orcs
  3 endoplasms
  6 giant cockroaches
  24 goblins
  13 hobgoblins
  2 jackals (D:1)
  4 quokkas
  9 ball pythons
  5 bats
  6 frilled lizards
  20 kobolds
  10 rats
577 creatures vanquished.

Vanquished Creatures (collateral kills)
  An ironbound preserver (D:13)
  Snorg (D:11)
  A catoblepas (Lair:5)
  3 centaur warriors
  A boulder beetle (D:13)
  4 two-headed ogres
  2 death yaks (Lair:5)
  5 ugly things
  2 orc sorcerers (Orc:2)
  3 manticores
  A cane toad (Lair:5)
  An unseen horror (D:13)
  An efreet (D:14)
  4 komodo dragons
  A rime drake (Lair:3)
  4 trolls
  A blink frog (shapeshifter) (D:15)
  6 dream sheep (Lair:5)
  A slime creature (D:12)
  7 blink frogs
  A shadow (D:10)
  A wyvern (Lair:5)
  13 yaks
  A basilisk (Lair:4)
  3 vampire mosquitoes (D:15)
  A warg (Orc:1)
  2 water moccasins
  7 orc warriors
  5 ogres
  3 wolves (Lair:3)
  6 centaurs
  3 bullfrogs
  A howler monkey (D:10)
  8 orc priests
  19 orc wizards
  A hell rat (Lair:2)
  2 gnolls
  10 orcs
  A butterfly (Lair:2)
138 creatures vanquished.

Vanquished Creatures (others)
  An ogre mage (D:15)
  2 orc sorcerers (D:15)
  3 orc knights
  15 orc warriors
  A killer bee (D:14)
  8 orc priests
  11 orc wizards
  27 orcs
  A hobgoblin (D:4)
  14 fungi
  95 plants
178 creatures vanquished.

Grand Total: 893 creatures vanquished

Notes
Turn   | Place    | Note
-------+----------+-------------------------------------------
     0 | D:1      | themarg the Hill Orc Monk began the quest for the Orb.
     0 | D:1      | Reached XP level 1. HP: 19/19 MP: 1/1
   316 | D:1      | Reached XP level 2. HP: 23/27 MP: 2/2
   682 | D:1      | Reached XP level 3. HP: 25/34 MP: 3/3
  1146 | D:2      | Reached skill level 5 in Fighting
  1152 | D:2      | Found Bekyqysai's Antique Armour Shoppe.
  1371 | D:2      | Reached XP level 4. HP: 37/42 MP: 4/4
  1858 | D:3      | Found Zabbum's General Store.
  1868 | D:3      | Bought a scroll of identify for 20 gold pieces
  1868 | D:3      | Bought a scroll of identify for 20 gold pieces
  1868 | D:3      | Bought a scroll of fear for 40 gold pieces
  2187 | D:3      | Found Wiubb's Weapon Emporium.
  2458 | D:3      | Found Heosoree's Armour Boutique.
  2504 | D:3      | Found Muesch's Magic Scroll Boutique.
  2513 | D:3      | Bought a scroll of teleportation for 30 gold pieces
  2513 | D:3      | Bought a scroll of identify for 20 gold pieces
  2540 | D:3      | Noticed Grinder
  2553 | D:3      | Paralysed by Grinder for 2 turns
  2557 | D:3      | Paralysed by Grinder for 5 turns
  2665 | D:4      | Noticed a scorpion
  2677 | D:4      | Killed a scorpion
  2678 | D:4      | Reached XP level 5. HP: 34/52 MP: 5/5
  2945 | D:4      | Noticed Sigmund
  2971 | D:4      | Killed Sigmund
  2972 | D:4      | Reached XP level 6. HP: 43/62 MP: 6/6
  3117 | D:4      | Found Dymykk's Jewellery Boutique.
  3137 | D:4      | Reached XP level 7. HP: 44/70 MP: 7/7
  3138 | D:4      | Found a glowing drain.
  3156 | Sewer    | Entered a sewer
  3407 | Sewer    | Reached skill level 10 in Fighting
  3485 | Sewer    | Found an ancient bone altar of Kikubaaqudgha.
  3550 | Sewer    | Reached skill level 1 in Armour
  4114 | D:4      | Reached XP level 8. HP: 59/80 MP: 8/8
  4208 | D:4      | Noticed Robin
  4230 | D:4      | Killed Robin
  4254 | D:4      | Became a worshipper of Beogh the Brigand
  4254 | D:4      | Reached * piety under Beogh
  4254 | D:4      | Reached ** piety under Beogh
  4676 | D:5      | Entered Level 5 of the Dungeon
  4924 | D:5      | Reached skill level 1 in Invocations
  6018 | D:6      | Reached XP level 9. HP: 81/89 MP: 7/12
  6356 | D:6      | Found a staircase to the Ecumenical Temple.
  6428 | D:6      | Reached skill level 5 in Invocations
  7301 | D:7      | Reached skill level 5 in Armour
  7363 | D:7      | Found a glowing golden altar of the Shining One.
  7378 | D:7      | You fall into a shaft and drop 2 floors!
  7479 | D:8      | Reached skill level 5 in Dodging
  7502 | D:8      | Reached skill level 1 in Shields
  7786 | D:8      | Found an iron altar of Okawaru.
  7886 | D:7      | Found a flagged portal.
  7891 | Bailey   | Entered a bailey
  7952 | Bailey   | Reached skill level 5 in Shields
  8121 | Bailey   | Reached XP level 10. HP: 82/97 MP: 10/14
  8171 | Bailey   | Noticed an orc knight
  8195 | Bailey   | Killed an orc knight
  8414 | Bailey   | Found a large runed translucent door.
  8414 | Bailey   | Found a large runed translucent door.
  8415 | Bailey   | Noticed a deep elf zephyrmancer
  8443 | Bailey   | Killed a deep elf zephyrmancer
  8648 | Bailey   | Identified the +2 robe "Ahutuupp" {Str+2 Int+3 Dex+6}
  8659 | Bailey   | Identified the +7 chain mail of Responsibility {Str+4
                  | Int-2}
  8793 | D:7      | Found Juuprenn's Armour Emporium.
  8897 | D:3      | Bought a +3 demon trident of flaming for 440 gold pieces
  8930 | D:3      | Killed Grinder
  8931 | D:3      | Reached skill level 1 in Polearms
  8959 | D:3      | Bought a scroll of identify for 20 gold pieces
  8959 | D:3      | Bought a scroll of identify for 20 gold pieces
  9293 | D:8      | Found an ornate altar of the Wu Jian Council.
  9480 | D:8      | Found a broken altar of Ashenzari.
 10163 | D:9      | Reached XP level 11. HP: 90/107 MP: 18/18
 10255 | D:9      | Reached skill level 10 in Invocations
 10260 | D:9      | Reached skill level 5 in Polearms
 10937 | D:10     | Entered Level 10 of the Dungeon
 11394 | D:10     | Reached *** piety under Beogh
 11446 | D:10     | Found a staircase to the Lair.
 11618 | D:10     | Paralysed by a floating eye for 2 turns
 11622 | D:10     | Noticed a manticore
 11622 | D:10     | Noticed a two-headed ogre
 11625 | D:10     | Paralysed by a floating eye for 3 turns
 11810 | D:10     | Killed a two-headed ogre
 11848 | D:10     | Reached skill level 10 in Polearms
 11886 | D:10     | Killed a manticore
 12162 | D:10     | Found a staircase to the Orcish Mines.
 12293 | Lair:1   | Entered Level 1 of the Lair of Beasts
 12600 | Lair:1   | Reached XP level 12. HP: 78/115 MP: 19/19
 12846 | Lair:1   | Reached **** piety under Beogh
 13253 | Lair:1   | Noticed Erica
 13264 | Lair:1   | Killed Erica
 13524 | Lair:2   | Found a frozen archway.
 13552 | IceCv    | Entered an ice cave
 14144 | IceCv    | Noticed a reaper
 14158 | IceCv    | Killed a reaper
 14646 | Lair:2   | Found a staircase to the Snake Pit.
 14705 | Lair:2   | Reached XP level 13. HP: 114/125 MP: 21/21
 14852 | Lair:2   | Reached skill level 15 in Fighting
 15522 | Lair:2   | Noticed an ice dragon
 15527 | Lair:2   | Killed an ice dragon
 15555 | Lair:2   | Identified the +1 dagger of Woestrae {drain, Will++}
 16198 | Lair:3   | Found a staircase to the Shoals.
 16427 | Lair:3   | Identified the +5 rapier "Syusyh" {elec, Contam rN++}
 16561 | Lair:4   | Reached skill level 15 in Invocations
 16964 | Lair:4   | Noticed Sonja
 16965 | Lair:4   | Killed Sonja
 16965 | Lair:4   | Gained Ogrik as an ally
 17078 | Lair:4   | Reached ***** piety under Beogh
 17090 | Lair:4   | Noticed Nessos
 17094 | Lair:4   | Killed Nessos
 17581 | Lair:5   | Entered Level 5 of the Lair of Beasts
 17735 | Lair:5   | Reached XP level 14. HP: 137/137 MP: 23/26
 18769 | Lair:5   | Reached skill level 1 in Evocations
 19357 | Lair:5   | Found a runed translucent door.
 19359 | Lair:5   | Noticed an azure jelly
 19360 | Lair:5   | Found a staircase to the Slime Pits.
 19729 | Orc:1    | Entered Level 1 of the Orcish Mines
 20141 | Orc:1    | Found a roughly hewn altar of Beogh.
 20954 | Orc:2    | Entered Level 2 of the Orcish Mines
 20966 | Orc:2    | Gained Warrok as an ally
 20969 | Orc:2    | Gained Boldo as an ally
 21033 | Orc:2    | Found Joav's Armour Boutique.
 21033 | Orc:2    | Found Gofac's Book Shop.
 21033 | Orc:2    | Found Pasudup's General Store.
 21036 | Orc:2    | Found Luxtioll's Jewellery Boutique.
 21250 | Orc:2    | Found a roughly hewn altar of Beogh.
 21277 | Orc:2    | Found a staircase to the Elven Halls.
 21326 | Orc:2    | Found a shimmering blue altar of Sif Muna.
 21494 | Orc:2    | Found Etelukitt's Antique Weapon Shop.
 21925 | Orc:1    | Found a roughly hewn altar of Beogh.
 22394 | D:11     | Noticed Snorg
 22404 | D:11     | Killed Snorg
 22581 | D:11     | Noticed Lodul
 22583 | D:11     | Killed Lodul
 23021 | D:11     | Reached skill level 5 in Evocations
 23067 | D:11     | Reached XP level 15. HP: 149/149 MP: 18/28
 23638 | D:11     | Noticed Gastronok
 23648 | D:11     | Killed Gastronok
 24351 | D:12     | Noticed Rupert
 24363 | D:12     | Killed Rupert
 26449 | D:13     | Found Ufifotz's Assorted Antiques.
 26455 | D:13     | Bought a scroll of blinking for 285 gold pieces
 26455 | D:13     | Bought a potion of curing for 114 gold pieces
 26723 | D:13     | Identified the +2 chain mail of Hangman {rPois Will+ Dex+2}
 27094 | D:13     | Found a gate to the Vaults.
 27103 | D:13     | Your ally Warrok died
 27724 | D:13     | Found a hazy altar of Hepliaklqana.
 29698 | D:15     | Entered Level 15 of the Dungeon
 29725 | D:15     | Gained Garbold as an ally
 29731 | D:15     | Your ally Ogrik died
 29739 | D:15     | Your ally Garbold died
 30810 | D:15     | Found a staircase to the Depths.
 30846 | D:15     | Identified the +7 battleaxe of Sido {vorpal, rElec rC+ rN+
                  | MP+9}
 31854 | Orc:2    | Bought a ring of poison resistance for 240 gold pieces
 32009 | Snake:1  | Entered Level 1 of the Snake Pit
 32010 | Snake:1  | Noticed Kirke
 32017 | Snake:1  | Noticed Donald
 32098 | Snake:1  | Killed Kirke
 32102 | Snake:1  | Mangled by Donald

Illustrated notes

Levels and vault maps discovered:
D:1:      ebering_trefoil_3fold, layout_basic, nrook_mini_vaults,
          nrook_mini_backslash
D:2:      layout_loops_cross, serial_shops, shop, serial_glass, glass_columns_b,
          glass_columns_a, minivault_25
D:3:      layout_basic, serial_shops, nicolae_lakefront_shop,
          nicolae_shop_window_shopping, nicolae_shop_advertising_works
          [nicolae_subvault_shop_adworks], nicolae_shop_bloodbath_and_beyond,
          roderic_lattice_a, uniq_grinder
D:4:      layout_loops_ring, serial_shops, shop, portal_sewer_entry_b,
          minmay_joined_circles, uniq_sigmund, uniq_robin
D:5:      layout_gridville, eino_tiny_chamber
D:6:      layout_loops_ring, minmay_temple_entry_stoned_glass, serial_bayou,
          serial_bayou_crossing, serial_bayou_lagoon_b, serial_bayou_lagoon_a,
          serial_bayou_pond_e, serial_bayou_pond_b, serial_bayou_pond_b
D:7:      layout_basic, makhleb_grotto_becter, nicolae_overflow_crystal_walls,
          enter_bailey_3, serial_shops, shop
D:8:      layout_gridville, lemuel_tele_altar, mainiacjoe_overflow_chevrons,
          lemuel_coloured_pillars_altar
D:9:      layout_gridville
D:10:     layout_gridville, lair_entry_dummy, hiddenorc1_lemuel,
          onia_ninara_cookie
D:11:     layout_gridville, minivault_15, uniq_snorg, uniq_lodul, uniq_gastronok
D:12:     layout_long_grid, minmay_misc_feat_iff, uniq_rupert
D:13:     layout_stronghold, skrybe_vaults_entry_preservation,
          serial_column_ruins, column_ruins_columns_straight,
          column_ruins_grid_1, column_ruins_corridor_corner,
          column_ruins_grid_2, column_ruins_corridor_corner,
          column_ruins_corridor_straight, serial_shops,
          nicolae_shop_temple_entry_statues_fountains,
          worldfamousw_hep_ancestral_shrine
D:14:     layout_cave_pods
D:15:     grunt_enter_depths_hoard, layout_basic, minmay_parallelograms,
          minmay_statue_bubble
Lair:1:   layout_cave_pods, gauntlet_entry_generic,
          chequers_serial_rivers_room_b, beast_lair_carwin_5,
          grunt_megastairs_2, uniq_erica
Lair:2:   dragon1_lemuel, layout_cave_pods, minmay_snake_entry_six_corridors,
          portal_ice_cave_entry_pillars_1, lemuel_fruit_fields
Lair:3:   layout_cave_shapes, shoals_dummy_entry, lemuel_fruit_tree
Lair:4:   layout_regular_city, grunt_megastairs_4, uniq_nessos, uniq_sonja
Lair:5:   evilmike_catoblepas_cave, layout_loops_ring, slime_entry_2,
          patterned_corridor
Snake:1:  layout_rooms, uniq_kirke, uniq_donald, uniq_asterion
Orc:1:    layout_caves, basic_altar, mines1_david
Orc:2:    st_orc_mages, layout_caves, basic_altar, serial_shops, shop,
          kennysheep_orc_sif_temple

Skill      XL: |  1  2  3  4  5  6  7  8  9 10 11 12 13 14 15 |
---------------+----------------------------------------------+-----
Fighting       | 4 5 7 8 9 10 11 12 13 14 16 17 19 | 19.2
Stealth        | 2 |  2.0
Armour         | 2 4 5 |  5.0
Dodging        | 3 4 5 |  5.0
Invocations    | 4 5 9 10 11 16 18 19 | 19.6
Shields        | 5 |  5.0
Polearms       | 4 11 13 | 13.8
Evocations     | 5 8 |  8.2
Axes           | |  4.0

Action                   |  1- 3 |  4- 6 |  7- 9 | 10-12 | 13-15 || total
-------------------------+-------+-------+-------+-------+-------++-------
Melee: Hand axe          |   106 |   148 |   330 |       |       ||   584
       Punch             |       |     2 |    10 |       |       ||    12
       War axe           |       |       |   169 |    27 |       ||   196
       Dagger            |       |       |    52 |       |       ||    52
       Demon trident     |       |       |       |   583 |   932 ||  1515
Throw: Dart              |       |       |       |     3 |       ||     3
Invok: Smiting           |       |       |     5 |    21 |    55 ||    81
       Convert to Beogh  |       |       |     1 |       |       ||     1
       Recall Orcish Fol |       |       |       |       |     2 ||     2
Evoke: Wand              |       |       |     6 |     5 |     3 ||    14
       Phial of floods   |       |       |       |       |     3 ||     3
  Use: Potion            |     1 |       |     2 |     1 |     5 ||     9
       Scroll            |       |     9 |     6 |    12 |     9 ||    36
 Stab: Paralysed         |       |       |       |       |     7 ||     7
       Confused          |       |       |       |       |     3 ||     3
       Distracted        |       |       |       |       |    15 ||    15
Armor: Leather armour    |    10 |       |       |       |       ||    10
       Scale mail        |    37 |    86 |   314 |       |       ||   437
       Plate armour      |       |       |   140 |    29 |       ||   169
       Chain mail        |       |       |       |   277 |   339 ||   616
Dodge: Dodged            |    59 |    80 |   318 |   156 |   203 ||   816
Block: Buckler           |       |       |     3 |    49 |       ||    52
       Kite shield       |       |       |       |   124 |   312 ||   436

Table legend: (Time is in decaauts)
 A = Elapsed time spent in this place.
 B = Non-inter-level travel time spent in this place.
 C = Inter-level travel time spent in this place.
 D = Time resting spent in this place.
 E = Time spent auto-exploring this place.
 F = Levels seen in this place.
 G = Mean time per level.
                   A        B        C        D        E       F      G
               +--------+--------+--------+--------+--------+-----+--------+
         Total |  32044 |  30311 |   1733 |   9676 |  13866 |  26 | 1232.5 |
       Dungeon |  20799 |  19486 |   1313 |   6507 |   8658 |  15 | 1386.6 |
          Lair |   6527 |   6227 |    300 |   1153 |   3771 |   5 | 1305.4 |
     Snake Pit |     16 |     16 |      0 |      0 |      0 |   1 |   16.0 |
  Orcish Mines |   2484 |   2364 |    120 |   1243 |    805 |   2 | 1242.0 |
         Sewer |    563 |    563 |      0 |     95 |    254 |   1 |  563.0 |
        Bailey |    835 |    835 |      0 |    311 |    249 |   1 |  835.0 |
      Ice Cave |    816 |    816 |      0 |    366 |    129 |   1 |  816.0 |
               +--------+--------+--------+--------+--------+-----+--------+

Top non-repeatable levels by time:
    D:13: 2398 daAuts
    D:15: 1970 daAuts
  Lair:5: 1847 daAuts
    D:12: 1754 daAuts
    D:14: 1673 daAuts
    D:10: 1638 daAuts
     D:4: 1621 daAuts
    D:11: 1617 daAuts
  Lair:2: 1524 daAuts
     D:6: 1478 daAuts
   Orc:1: 1363 daAuts
     D:8: 1285 daAuts
  Lair:1: 1258 daAuts
     D:5: 1158 daAuts
  Lair:4: 1149 daAuts
